 Dungeon Crawl Stone Soup version 0.30-a0-989-g0d87f670db (webtiles) character file.

Game seed: 713732012932936882

428 jtron the Slasher (level 6, -1/48 HPs)
             Began as a Demonspawn Monk on Apr 3, 2023.
             Was a High Priest of Ignis.
             Slain by a sleepcap (3 damage)
             ... on level 4 of the Dungeon.
             The game lasted 00:07:07 (2711 turns).

jtron the Slasher (Demonspawn Monk)                 Turns: 2711, Time: 00:07:07

Health: -1/48      AC:  2    Str: 11    XL:     6   Next: 65%
Magic:  9/9        EV: 13    Int: 16    God:    Ignis [*****.]
Gold:   117        SH:  0    Dex: 18    Spells: 9/9 levels left

rFire   + + .      SeeInvis .    a - +1 falchion
rCold   + + +      Faith    .    (no shield)
rNeg    . . .      Spirit   .    m - +0 robe
rPois   +          Reflect  .    (no helmet)
rElec   +          Rampage  .    d - scarf "Ajothroz" {repulsion, Contam rC+++ Int+5}
rCorr   +                        (no gloves)
Will    .....                    (no boots)
Stlth   ++                       (no amulet)
HPRegen 0.28/turn                n - ring of wizardry
MPRegen 0.11/turn                s - +4 ring of slaying

@: resistant (expiring), repel missiles
A: hooves 1, powered by death 1, sturdy frame 1
a: Renounce Religion, Fiery Armour, Foxfire Swarm, Rising Flame


You were on level 4 of the Dungeon.
You worshipped Ignis.
Ignis was extremely pleased with you.
You visited 1 branch of the dungeon, and saw 4 of its levels.

You collected 117 gold pieces.

Inventory:

Hand Weapons
 a - a +1 falchion (weapon)
 b - a +1 sling
Missiles
 l - 6 boomerangs (quivered)
 q - 2 throwing nets
 t - 5 poisoned darts
 v - 15 stones
Armour
 d - the scarf "Ajothroz" (worn) {repulsion, Contam rC+++ Int+5}
   (You acquired it on level 3 of the Dungeon)

   Int:       It affects your intelligence (+5).
   rC:        It renders you almost immune to cold.
   Contam:    It causes magical contamination when unequipped.
 m - a +0 robe (worn)
Jewellery
 n - a ring of wizardry (left hand)
 p - a ring of fire
 s - a +4 ring of slaying (right hand)
 w - a ring of willpower
Scrolls
 e - a scroll of enchant weapon
 g - 2 scrolls of teleportation
 u - a scroll of enchant armour {unknown}
Potions
 c - a potion of ambrosia
 h - 2 potions of heal wounds
 i - 2 potions of cancellation
 j - 3 potions of brilliance
 o - a potion of invisibility {unknown}
 x - a potion of curing {unknown}


   Skills:
 + Level 4.1 Fighting
 + Level 4.2 Long Blades
 + Level 2.7 Ranged Weapons
 + Level 3.5 Dodging
 + Level 2.5 Stealth
 * Level 2.0 Spellcasting


You had 9 spell levels left.
You didn't know any spells.
Your spell library contained the following spells:

 Spells                   Type           Power      Damage    Failure   Level
 Ensorcelled Hibernation  Hex/Ice        2%         N/A       12%         2
 Spider Form              Tmut/Pois      1%         N/A       24%         3
 Anguish                  Hex/Necr       0%         N/A       58%         4


Dungeon Overview and Level Annotations

Branches:
Dungeon (4/15)
 Temple: D:4-7

Altars:
Ignis


Innate Abilities, Weirdness & Mutations

You have large cloven feet.
You regenerate a little health from kills.
Your movements are slightly less encumbered by armour. (ER -2)


Message History

The scorpion is lightly wounded.
The scorpion stings you.
You hit the scorpion.
The scorpion is moderately wounded.
The scorpion stings you. x2
You barely miss the scorpion.
The scorpion is moderately wounded.
The scorpion stings you.
You slash the scorpion!
The scorpion is almost dead.
The scorpion stings you.
You hit the scorpion.
You kill the scorpion!
Your Spellcasting skill increases to level 2!
No target in view!
b - a +1 sling (weapon)
You start resting.
A sleepcap comes into view.
You shoot a sling bullet.
The sling bullet completely misses the sleepcap.
You shoot a sling bullet. The sling bullet hits the sleepcap.
The sleepcap is lightly damaged.
You shoot a sling bullet. The sling bullet hits the sleepcap.
The sleepcap is moderately damaged.
You feel your willpower return.
You shoot a sling bullet. The sling bullet hits the sleepcap.
The sleepcap is heavily damaged.
You shoot a sling bullet. The sling bullet hits the sleepcap.
The sleepcap is severely damaged.
You shoot a sling bullet. The sling bullet hits the sleepcap.
The sleepcap is almost destroyed.
The sleepcap releases spores at you!
You are engulfed in a cloud of soporific spores!
You fall asleep.
You start to feel less resistant.
The sleepcap releases spores at you!!
You wake up.
* * * LOW HITPOINT WARNING * * *
a - a +1 falchion (weapon)
The sleepcap releases spores at you.
You die...

....~###~≈≈≈###~....# ..
....#...#≈~#...#..### #
....#.⌠.#..#.⌠.#..# . ##
....#...#..#...#.## ..
.. .....###....###..#
... ..
.................# ....
..
................###.....
..
.............<).........
..
...........#####@f......
.. .......... ###......
.. ......... #..... .#
..... # .... ... # ... #
#


You could see a sleepcap.

Vanquished Creatures
  2 scorpions (D:4)
  3 orc priests (D:3)
  A hound (D:2)
  2 orc wizards
  Robin (D:2)
  3 adders
  A worm (D:2)
  3 dart slugs
  7 orcs
  5 endoplasms
  5 giant cockroaches
  15 goblins
  8 hobgoblins
  7 jackals (D:2)
  3 kobolds
  5 quokkas
  8 ball pythons
  2 bats (D:2)
  2 frilled lizards (D:1)
  8 rats
91 creatures vanquished.

Vanquished Creatures (others)
  5 plants (D:4)
5 creatures vanquished.

Grand Total: 96 creatures vanquished

Notes
Turn   | Place    | Note
-------+----------+-------------------------------------------
     0 | D:1      | jtron the Demonspawn Monk began the quest for the Orb.
     0 | D:1      | Reached XP level 1. HP: 18/18 MP: 1/1
   148 | D:1      | Gained mutation: You have large cloven feet. [demonic
                  | ancestry]
   148 | D:1      | Reached XP level 2. HP: 21/24 MP: 2/2
   348 | D:1      | Found a faded altar of an unknown god.
   376 | D:1      | Prayed at the altar of an unknown god.
   376 | D:1      | Became a worshipper of Ignis, the Dying Flame
   376 | D:1      | Reached ****** piety under Ignis
   880 | D:2      | Gained mutation: Your movements are slightly less
                  | encumbered by armour. (ER -2) [demonic ancestry]
   880 | D:2      | Reached XP level 3. HP: 29/29 MP: 3/3
   942 | D:2      | Noticed Robin
   954 | D:2      | Killed Robin
   981 | D:2      | Reached XP level 4. HP: 23/35 MP: 4/4
  1367 | D:2      | Reached skill level 1 in Ranged Weapons
  1733 | D:3      | Reached XP level 5. HP: 42/42 MP: 4/6
  1857 | D:3      | Reached skill level 1 in Spellcasting
  2523 | D:3      | Gained mutation: You regenerate a little health from kills.
                  | [demonic ancestry]
  2523 | D:3      | Reached XP level 6. HP: 40/48 MP: 8/8
  2661 | D:3      | Identified a scroll of acquirement
  2661 | D:3      | Acquired the scarf "Ajothroz" {repulsion, Contam rC+++
                  | Int+5}
  2710 | D:4      | HP: 2/48 [sleepcap (19)]
  2711 | D:4      | Slain by a sleepcap

Illustrated notes

Levels and vault maps discovered:
D:1:      heliophobic_arrival_battle_scene, layout_loops_ring,
          hellmonk_ecumenical_altar_zigzags
D:2:      layout_basic, minmay_domino_4, uniq_robin
D:3:      layout_loops_ring
D:4:      layout_layer_cave, serial_bayou, serial_bayou_pond_b,
          serial_bayou_pond_c, serial_bayou_pond_d, serial_bayou_pond_e,
          serial_bayou_pond_e, serial_bayou_pond_a, serial_shops,
          kennysheep_mini_moat, fountainhead

Skill      XL: |  1  2  3  4  5  6 |
---------------+-------------------+-----
Long Blades    | 3 4 |  4.2
Stealth        | 2 |  2.5
Dodging        | 3 |  3.5
Ranged Weapons | 1 2 |  2.7
Spellcasting   | 1 2 |  2.0
Fighting       | 4 |  4.1

Action                     |  1- 3 |  4- 6 || total
---------------------------+-------+-------++-------
  Melee: Falchion          |    92 |    65 ||   157
         Kick              |    25 |    14 ||    39
         Punch             |     2 |       ||     2
   Fire: Sling             |       |    63 ||    63
  Throw: Boomerang         |       |     1 ||     1
 Invoke: Fiery Armour      |     1 |     1 ||     2
    Use: Scroll            |       |     8 ||     8
         Potion            |       |     1 ||     1
   Stab: Sleeping          |     4 |     1 ||     5
 Armour: Robe              |    11 |    10 ||    21
  Dodge: Dodged            |    55 |    39 ||    94
         Repelled          |       |     1 ||     1

Table legend: (Time is in decaauts)
 A = Elapsed time spent in this place.
 B = Non-inter-level travel time spent in this place.
 C = Inter-level travel time spent in this place.
 D = Time resting spent in this place.
 E = Time spent auto-exploring this place.
 F = Levels seen in this place.
 G = Mean time per level.
                   A        B        C        D        E       F      G
               +--------+--------+--------+--------+--------+-----+--------+
         Total |   2744 |   2546 |    198 |     87 |   1874 |   4 |  686.0 |
       Dungeon |   2744 |   2546 |    198 |     87 |   1874 |   4 |  686.0 |
               +--------+--------+--------+--------+--------+-----+--------+

Top non-repeatable levels by time:
     D:2: 939 daAuts
     D:3: 889 daAuts
     D:1: 778 daAuts
     D:4: 137 daAuts
